 Dungeon Crawl Stone Soup version 0.16.0-16-g311141a (webtiles) character file.

6830 Sorcv the Covert (level 11, 0/64 HPs)
             Began as a Kobold Assassin on Mar 19, 2015.
             Was a Believer of Ashenzari.
             Slain by a komodo dragon (31 damage)
             ... on level 1 of the Lair of Beasts.
             The game lasted 00:35:21 (6371 turns).

Sorcv the Covert (Kobold Assassin)                  Turns: 6371, Time: 00:35:21

Health: 0/64       AC:  9    Str: 10    XL:     11   Next: 25%
Magic:  12/12      EV: 26    Int:  9    God:    Ashenzari [**....]
Gold:   450        SH:  7    Dex: 21    Spells: 1 memorised, 4 levels left

rFire  + . .     SeeInvis .     n - +2 dagger (venom)
rCold  + . .     Clarity  .     J - +2 robe {MR+} (curse)
rNeg   . . .     SustAb   .     G - +0 buckler (curse)
rPois  .         Gourm    .     H - +2 hat (curse)
rElec  .         Spirit   .     i - +2 cloak (curse)
rCorr  .         Warding  .     (no gloves)
rMut   .         Stasis   .     (no boots)
MR     +....                    (no amulet)
Stlth  ++++++++..               h - ring of protection from fire (curse)
                                k - ring of protection from cold

@: somewhat resistant to hostile enchantments, extraordinarily stealthy
A: carnivore 3
a: Renounce Religion


You were on level 1 of the Lair of Beasts.
You worshipped Ashenzari.
Ashenzari was pleased with you.
You were hungry.

You visited 3 branches of the dungeon, and saw 11 of its levels.

You collected 583 gold pieces.
You spent 133 gold pieces at shops.

Inventory:

Hand weapons
 b - a +0 blowgun
 n - a +2 dagger of venom (weapon)
 T - a +0 dagger of flaming
Missiles
 e - 27 poisoned needles
 f - 2 curare-tipped needles
 r - a throwing net (quivered)
Armour
 i - a cursed +2 cloak (worn)
 G - a cursed +0 buckler (worn)
 H - a cursed +2 hat (worn)
 J - a cursed +2 robe of magic resistance (worn)
Jewellery
 h - a cursed ring of protection from fire (right hand)
 k - a ring of protection from cold (left hand)
Magical devices
 l - a wand of heal wounds (1)
 E - a wand of confusion (20)
 K - a wand of digging (17)
Scrolls
 j - a scroll of amnesia
 m - 3 scrolls of fog
 p - 5 scrolls of enchant weapon
 q - 2 scrolls of enchant armour
 w - a scroll of recharging
 z - 2 scrolls of random uselessness
 A - 4 scrolls of curse jewellery
 O - 5 scrolls of remove curse
 P - 4 scrolls of curse weapon
 R - 2 scrolls of teleportation
Potions
 s - a potion of poison
 t - 3 potions of haste
 u - 2 potions of heal wounds
 v - a potion of magic
 x - a potion of curing
 B - a potion of cancellation
 U - 4 potions of ambrosia
 W - a potion of restore abilities
 X - 3 potions of agility
Books
 o - a book of Burglary

   Spells                             Type                      Level
   a - Swiftness                      Charms/Air                   2
   b - Passwall                       Transmutation/Earth          3
   c - Passage of Golubria            Translocation                4
   d - Lee's Rapid Deconstruction     Earth                        5
   e - Invisibility                   Hexes                        6
   f - Darkness                       Hexes                        7
 I - a book of Changes

   Spells                             Type                      Level
   a - Beastly Appendage              Transmutation                1
   b - Sticks to Snakes               Transmutation                2
   c - Spider Form                    Transmutation/Poison         3
   d - Ice Form                       Ice/Transmutation            4
   e - Blade Hands                    Transmutation                5
 N - a book of Frost

   Spells                             Type                      Level
   a - Freeze                         Ice                          1
   b - Throw Frost                    Conjuration/Ice              2
   c - Ozocubu's Armour               Charms/Ice                   3
   d - Throw Icicle                   Conjuration/Ice              4
   e - Summon Ice Beast               Ice/Summoning                4
   f - Condensation Shield            Ice                          4
 S - a book of Control

   Spells                             Type                      Level
   a - Control Teleport               Charms/Translocation         4
   b - Control Undead                 Necromancy                   4
   c - Enslavement                    Hexes                        4
   d - Metabolic Englaciation         Hexes/Ice                    5
   e - Mass Confusion                 Hexes                        6
Comestibles
 g - 6 meat rations


   Skills:
 + Level 5.2 Fighting
 + Level 7.3 Short Blades
 + Level 4.6 Throwing
 + Level 10.0(11.4) Dodging
 + Level 14.7(15.8) Stealth
 + Level 3.0(4.3) Shields
 * Level 4.9 Hexes
 + Level 1.0 Evocations


You had 4 spell levels left.
You knew the following spells:

 Your Spells              Type           Power        Failure   Level  Hunger
a - Invisibility          Hex            #.......     100%        6    #######


Dungeon Overview and Level Annotations

Branches:
Dungeon (9/15)             Temple (1/1) D:5            Lair (1/8) D:9
    Orc: D:9-12

Altars:
Ashenzari
Dithmenos
Fedhas
Kikubaaqudgha
Nemelex Xobeh
Ru
Trog
Vehumet
Xom
Zin
The Shining One

Shops:
D:6 ?   D:8 (   D:9 %


Innate Abilities, Weirdness & Mutations

You are small and have problems with some larger weapons.
You are carnivorous and can eat meat at any time.


Message History

You hit the yak but do no damage.
The yak is lightly wounded.
You block the yak's attack.
You hit the yak.
The yak is moderately wounded.
The yak closely misses you.
You hit the yak!
The yak is heavily wounded.
You block the yak's attack. The yak gores you!
You hit the yak!
The yak is almost dead.
You kill the yak!
The yak closely misses you.
You barely miss the komodo dragon. You hit the komodo dragon.
The komodo dragon is poisoned.
The komodo dragon is lightly wounded.
You kill the yak!
Your base Shields skill increases to level 3!
The komodo dragon bites you!!
You die...

, , * .## # * , ...... .### #...
##..... ....# * #... #P..(.#
*#...# ,* #####... #.....# ###...
##......## ##.....###.....
##........#### #.....P#.......
.#..........#.#####......#.......
..............##@#.............#P
..............Y†#l.....#.#...#...
................{......#.#..####†
..#.....####...........#......#P.
##....## ###..........<........ *
##..Y.# ##..................
##.Y## ###............#... *
##Y.### ##............... *
#P.#.# ##.............#


You could see a komodo dragon and a yak.

Vanquished Creatures
  A centaur skeleton (D:8)
  2 wandering mushrooms (D:9)
  7 yaks (Lair:1)
  2 hippogriffs (D:8)
  Grum (D:8)
  4 wolves (D:8)
  2 water moccasins (D:8)
  Menkaure (D:7)
  2 eyes of draining
  2 sky beasts
  A phantom (D:5)
  3 black bears
  2 centaurs
  5 ogres
  Sigmund (D:7)
  A big kobold (D:8)
  5 giant frogs
  6 scorpions
  8 killer bees
  7 wights
  3 crimson imps
  2 goliath beetles
  4 hounds
  A jelly (D:8)
  Crazy Yiuf (D:2)
  An orc priest (D:8)
  A giant frog skeleton (D:8)
  6 worker ants
  An iguana (D:5)
  9 orc wizards
  Ijyb (D:4)
  2 hound skeletons (D:7)
  8 adders
  4 gnolls (D:2)
  A river rat (D:6)
  A shadow imp (D:8)
  2 giant mites (D:6)
  4 worms
  2 adder zombies (D:8)
  3 adder skeletons
  2 oozes
  11 orcs
  9 bats
  A bat zombie (D:6)
  2 giant cockroaches
  20 hobgoblins
  15 jackals
  4 quokkas
  4 ball pythons
  6 giant geckos
  A giant gecko skeleton (D:5)
  2 giant newts (D:2)
  8 goblins
  14 kobolds
  15 rats
  A fungus (D:9)
235 creatures vanquished.

Notes
Turn   | Place    | Note
--------------------------------------------------------------
     0 | D:1      | Sorcv, the Kobold Assassin, began the quest for the Orb.
     0 | D:1      | Reached XP level 1. HP: 12/12 MP: 1/1
   177 | D:1      | Reached XP level 2. HP: 17/17 MP: 2/2
   493 | D:1      | Reached skill level 6 in Stealth
   691 | D:2      | Noticed Crazy Yiuf
   697 | D:2      | Killed Crazy Yiuf
   697 | D:2      | Reached XP level 3. HP: 22/22 MP: 3/3
   754 | D:2      | Reached XP level 4. HP: 27/27 MP: 4/4
   909 | D:2      | Reached skill level 7 in Stealth
   982 | D:2      | Reached XP level 5. HP: 9/31 MP: 5/5
  1412 | D:2      | Reached skill level 8 in Stealth
  1477 | D:2      | Reached XP level 6. HP: 37/37 MP: 6/6
  2083 | D:4      | Found a sacrificial altar of Ru.
  2234 | D:4      | Noticed Ijyb
  2248 | D:4      | Killed Ijyb
  2285 | D:4      | Found a radiant altar of Vehumet.
  2301 | D:4      | Reached XP level 7. HP: 13/41 MP: 7/7
  2302 | D:4      | Reached skill level 9 in Stealth
  2381 | D:5      | Entered Level 5 of the Dungeon
  2536 | D:5      | Reached skill level 10 in Stealth
  2551 | D:5      | Found a staircase to the Ecumenical Temple.
  2564 | Temple   | Entered the Ecumenical Temple
  2638 | Temple   | Became a worshipper of Ashenzari the Shackled
  2671 | D:5      | Reached XP level 8. HP: 46/46 MP: 8/8
  2693 | D:5      | Found a glowing golden altar of the Shining One.
  3127 | D:5      | Reached skill level 5 in Dodging
  3363 | D:6      | Reached skill level 1 in Evocations
  3417 | D:6      | Found a bloodstained altar of Trog.
  3468 | D:6      | Found Idaifonk's Magic Scroll Emporium.
  3510 | D:6      | Reached skill level 5 in Short Blades
  3510 | D:6      | Reached skill level 11 in Stealth
  3510 | D:6      | Reached skill level 1 in Shields
  3521 | D:6      | Reached XP level 9. HP: 15/52 MP: 10/10
  3532 | D:6      | Bought a scroll of enchant weapon for 105 gold pieces
  3532 | D:6      | Bought a scroll of identify for 28 gold pieces
  4016 | D:7      | Noticed Menkaure
  4019 | D:7      | Killed Menkaure
  4101 | D:7      | Found a shimmering altar of Xom.
  4114 | D:7      | Learned a level 6 spell: Invisibility
  4126 | D:7      | Noticed Sigmund
  4145 | D:7      | Killed Sigmund
  4153 | D:7      | Reached skill level 12 in Stealth
  4885 | D:8      | Reached skill level 1 in Hexes
  4904 | D:8      | Noticed a centaur skeleton
  4922 | D:8      | Killed a centaur skeleton
  4922 | D:8      | Reached XP level 10. HP: 58/58 MP: 11/11
  4960 | D:8      | Reached skill level 13 in Stealth
  4985 | D:8      | Noticed Grum
  5226 | D:8      | Found Psuy's Weapon Boutique.
  5351 | D:8      | Reached skill level 5 in Fighting
  5399 | D:8      | Killed Grum
  5399 | D:8      | Reached skill level 14 in Stealth
  5792 | D:9      | Found a staircase to the Lair.
  5827 | D:9      | Reached XP level 11. HP: 63/63 MP: 12/12
  5831 | D:9      | Found Qoraf's Food Emporium.
  5958 | D:9      | Acquired Ashenzari's first power
  6225 | Lair:1   | Entered Level 1 of the Lair of Beasts
  6260 | Lair:1   | Reached skill level 10 in Dodging
  6280 | Lair:1   | Noticed a four-headed hydra
  6371 | Lair:1   | Slain by a komodo dragon

Action                   |  1- 3 |  4- 6 |  7- 9 | 10-12 || total
-------------------------+-------+-------+-------+-------++-------
Melee: Dagger            |    27 |   155 |   293 |   250 ||   725
 Fire: Blowgun           |       |       |     9 |     7 ||    16
Throw: Throwing net      |       |     1 |       |       ||     1
Evoke: Wand              |       |       |     1 |       ||     1
  Use: Potion            |       |     2 |     3 |     8 ||    13
       Scroll            |       |       |    14 |     3 ||    17
 Stab: Sleeping          |    11 |    18 |    31 |    22 ||    82
       Distracted        |       |     2 |     1 |       ||     3
  Eat: Chunk             |       |     8 |     5 |     4 ||    17
